 Dungeon Crawl Stone Soup version 0.21.1-1-g345015f (webtiles) character file.

2146 CougarLife the Ruffian (level 9, -10/88 HPs)
             Began as a Troll Fighter on May 30, 2018.
             Was a Believer of Okawaru.
             Killed from afar by an electric eel (12 damage)
             ... with a bolt of electricity
             ... on level 6 of the Dungeon.
             The game lasted 00:11:56 (5316 turns).

CougarLife the Ruffian (Troll Fighter)              Turns: 5316, Time: 00:11:57

Health: -10/88     AC:  8    Str: 26    XL:     9   Next: 9%
Magic:  6/8        EV: 14    Int:  6    God:    Okawaru [**....]
Gold:   361        SH: 12    Dex: 10    Spells: 8/8 levels left

rFire    . . .     SeeInvis .     - Unarmed
rCold    . . .     Gourm    +   b - +0 shield
rNeg     . . .     Faith    .   a - +0 robe
rPois    .         Spirit   .   (helmet restricted)
rElec    .         Reflect  .   (no cloak)
rCorr    .         Harm     .   (gloves unavailable)
MR       .....                  (boots unavailable)
Stlth    +++.......             w - amulet of rage
HPRegen  0.64/turn              q - +3 ring of protection
MPRegen  0.11/turn              (no ring)

@: heroism
A: large, unfitting armour, claws 3, fast metabolism 3, gourmand, regeneration
1, shaggy fur 1, tough skin 2
a: Heroism, Renounce Religion, Evoke Berserk Rage


You were on level 6 of the Dungeon.
You worshipped Okawaru.
Okawaru was pleased with you.
You were completely stuffed.

You visited 2 branches of the dungeon, and saw 7 of its levels.

You collected 361 gold pieces.

Inventory:

Armour
 a - a +0 robe (worn)
 b - a +0 shield (worn)
Jewellery
 q - a +3 ring of protection (left claw)
 w - an amulet of rage (around neck)
Wands
 s - a wand of random effects (26)
Scrolls
 c - a scroll of enchant weapon
 g - a scroll of fog
 h - 4 scrolls of teleportation
 k - 2 scrolls of immolation
 l - a scroll of magic mapping
 m - 2 scrolls of fear
 o - a scroll of enchant armour
 t - a scroll of blinking {unknown}
 u - a scroll of remove curse {unknown}
Potions
 e - a potion of haste
 f - 2 potions of mutation {unknown}
 i - a potion of magic {unknown}
 j - 2 potions of brilliance
 n - 3 potions of curing
 p - 3 potions of agility
Comestibles
 d - 11 rations


   Skills:
 - Level 5.1(10.1) Fighting
 - Level 5.0(10.0) Dodging
 - Level 5.0(10.0) Shields
 + Level 7.9(12.9) Unarmed Combat


You had 8 spell levels left.
You didn't know any spells.

Dungeon Overview and Level Annotations

Branches:
Dungeon (6/15)             Temple (1/1) D:4

Altars:
Ashenzari
Cheibriados
Dithmenos
Fedhas
Gozag
Hepliaklqana
Kikubaaqudgha
Makhleb
Nemelex Xobeh
Okawaru
Qazlal
Ru
Sif Muna
Trog
Uskayaw
Wu Jian
Xom
Yredelemnul
Zin
The Shining One


Innate Abilities, Weirdness & Mutations

You are too large for most types of armour.
You have claws for hands.
Your metabolism is lightning-fast.
You like to eat raw meat.
Your natural rate of healing is unusually fast.
You are covered in fur. (AC +1)
You have very tough skin. (AC +2)


Message History

You gain the combat prowess of a mighty hero.
You scratch the electric eel but do no damage.
The electric eel shoots out a bolt of lightning at you!
The bolt of electricity hits the electric eel.
The electric eel completely resists.
The bolt of electricity hits you!
* * * LOW HITPOINT WARNING * * *
You claw the electric eel!
The electric eel is severely wounded.
You mangle the electric eel!!
You kill the electric eel!
Okawaru accepts your kill.
The electric eel shoots out a bolt of lightning at you!
The bolt of electricity hits you!
* * * LOW HITPOINT WARNING * * *
Why would you want to do that?
You scratch the electric eel.
The electric eel is lightly wounded.
The electric eel shoots out a bolt of lightning at you!
The bolt of electricity hits you!
You die...

....#.....# #..# #.#
##.###.##.####..#######.## ..##
##.#.......##≈...'..#
##.###.##.#######≈#####..##
##.#.....##...≈≈##≈≈;##..#
#....#.###.######≈≈!;≈#..#
#.#.##.##≈##≈≈;##[(≈.≈##.#
#.#.##.##≈#≈≈!;≈#.P≈P(##.#
#.#...#(#≈#≈.?/@#P≈..≈##.######
#.####.##≈#..PP≈#.....##......#
#.# ####.#PP..T# ######.# #.#
#.#.....# #.# #.# #.#.....#
###T. #.# #[# #.##..'##≈≈≈..###
#.# #.# ##.####..≈#####.# #>#
#.# ##≈≈≈..####.##.# #.# #.#
####### #.....# #.#


You could see a troll and 2 electric eels.

Vanquished Creatures
  Sigmund (D:6)
  Eustachio (D:4)
  2 ice beasts (D:5)
  A sky beast (D:4)
  An orc warrior (D:6)
  A phantom (D:5)
  3 ogres
  2 centaurs
  The ghost of dickjizzum the Firebug, an amateur GrFE (D:3)
  A bullfrog (D:6)
  3 scorpions
  An electric eel (D:6)
  A bullfrog zombie (D:5)
  A bullfrog skeleton (D:5)
  A hound (D:5)
  2 orc priests (D:3)
  A jelly (D:6)
  Jessica (D:3)
  2 iguanas (D:5)
  Ijyb (D:4)
  4 worker ants
  A hound zombie (D:5)
  Robin (D:4)
  10 adders
  3 shadow imps
  2 oozes
  An adder zombie (D:5)
  A worm (D:5)
  A dart slug (D:1)
  10 leopard geckos
  8 orcs
  3 ball pythons
  7 bats
  4 giant cockroaches
  10 goblins
  9 hobgoblins
  19 jackals
  A quokka (D:6)
  5 frilled lizards
  9 kobolds
  10 rats
147 creatures vanquished.

Notes
Turn   | Place    | Note
-------+----------+-------------------------------------------
     0 | D:1      | CougarLife the Troll Fighter began the quest for the Orb.
     0 | D:1      | Reached XP level 1. HP: 22/22 MP: 0/0
   149 | D:1      | Reached XP level 2. HP: 29/29 MP: 1/1
   237 | D:1      | Reached skill level 3 in Unarmed Combat
   562 | D:1      | Reached XP level 3. HP: 36/36 MP: 2/2
   715 | D:2      | Reached skill level 4 in Unarmed Combat
   838 | D:2      | Noticed an ogre
   846 | D:2      | Killed an ogre
   846 | D:2      | Reached skill level 5 in Unarmed Combat
   846 | D:2      | Reached XP level 4. HP: 44/44 MP: 3/3
   846 | D:2      | Reached XP level 5. HP: 50/50 MP: 4/4
  1391 | D:3      | Noticed dickjizzum's ghost (amateur GrFE)
  1401 | D:3      | Killed dickjizzum's ghost
  1401 | D:3      | Reached skill level 6 in Unarmed Combat
  1405 | D:3      | Reached XP level 6. HP: 51/59 MP: 5/5
  1674 | D:3      | Found a shadowy altar of Dithmenos.
  1678 | D:3      | Noticed Jessica
  1689 | D:3      | Killed Jessica
  2173 | D:4      | Found a staircase to the Ecumenical Temple.
  2181 | Temple   | Entered the Ecumenical Temple
  2233 | D:4      | Noticed a sky beast
  2242 | D:4      | Killed a sky beast
  2242 | D:4      | Reached XP level 7. HP: 44/66 MP: 6/6
  2288 | D:4      | Found a blossoming altar of Fedhas.
  2323 | D:4      | Noticed Robin
  2337 | D:4      | Killed Robin
  2374 | D:4      | Noticed Ijyb
  2387 | D:4      | Killed Ijyb
  2522 | D:4      | Found a hazy altar of Hepliaklqana.
  2523 | D:4      | Found an iron altar of Okawaru.
  2659 | D:4      | Became a worshipper of Warmaster Okawaru
  2731 | D:4      | Noticed Eustachio
  2749 | D:4      | Killed Eustachio
  3394 | D:5      | Entered Level 5 of the Dungeon
  3739 | D:5      | Found a bloodstained altar of Trog.
  3889 | D:5      | Reached * piety under Okawaru
  3912 | D:5      | Reached XP level 8. HP: 55/74 MP: 7/7
  3924 | D:5      | Reached skill level 5 in Dodging
  3924 | D:5      | Reached skill level 5 in Shields
  3940 | D:5      | Found a sacrificial altar of Ru.
  3942 | D:5      | Found an opulent altar of Gozag.
  4023 | D:5      | Found a snail-covered altar of Cheibriados.
  4667 | D:6      | Reached skill level 5 in Fighting
  4696 | D:6      | Noticed Sigmund
  4703 | D:6      | Reached ** piety under Okawaru
  4706 | D:6      | Killed Sigmund
  4706 | D:6      | Reached skill level 7 in Unarmed Combat
  5084 | D:6      | Reached XP level 9. HP: 82/88 MP: 8/8
  5304 | D:6      | Noticed a troll
  5315 | D:6      | HP: 2/88 [electric eel/bolt of electricity (16)]
  5316 | D:6      | Killed from afar by an electric eel

Skill      XL: |  1  2  3  4  5  6  7  8 |
---------------+-------------------------+-----
Unarmed Combat | 3 5 6 7 |  7.9
Dodging        | 3 4 5 |  5.0
Shields        | 3 4 5 |  5.0
Fighting       | 5 |  5.1

Action                   |  1- 3 |  4- 6 |  7- 9 || total
-------------------------+-------+-------+-------++-------
Melee: Unarmed           |    87 |   133 |   223 ||   443
Invok: Heroism           |       |       |     1 ||     1
 Abil: Evoke Berserk Rag |       |       |     1 ||     1
  Use: Scroll            |     1 |     3 |     7 ||    11
       Potion            |       |       |     1 ||     1
 Stab: Sleeping          |     1 |     1 |       ||     2
  Eat: Chunk             |    13 |    12 |    30 ||    55
Armor: Robe              |    20 |    31 |    57 ||   108
Dodge: Dodged            |    30 |    51 |    82 ||   163
Block: Shield            |    45 |    60 |    91 ||   196
